 Dungeon Crawl Stone Soup version 0.28.0-53-g5a82cb258f (webtiles) character file.

Game seed: 11671617862285553546

1502 PentaManta the Grappler (level 8, -6/61 HPs)
             Began as a Ghoul Gladiator on June 16, 2022.
             Was an Initiate of Makhleb.
             Mangled by a sixfirhy (11 damage)
             ... on level 1 of the Abyss.
             The game lasted 00:06:58 (4591 turns).

PentaManta the Grappler (Ghoul Gladiator)           Turns: 4591, Time: 00:06:59

Health: -6/61      AC:  8    Str: 20      XL:     8   Next: 82%
Magic:  7/7        EV: 11    Int:  8 (9)  God:    Makhleb [......]
Gold:   229        SH:  0    Dex: 16      Spells: 7/7 levels left

rFire   . . .      SeeInvis .     - Unarmed
rCold   + . .      Faith    .   (no shield)
rNeg    + + +      Spirit   .   u - +0 scale mail
rPois   ∞          Reflect  .   b - +0 helmet
rElec   .          Harm     .   (no cloak)
rCorr   .          Rampage  .   (no gloves)
Will    .....                   (no boots)
Stlth   ..........              (no amulet)
HPRegen 0.00/turn               e - +6 ring of dexterity
MPRegen 0.10/turn               k - +6 ring of intelligence

@: inhibited regen
A: claws 1, cold resistance 1, negative energy resistance 3, inhibited
regeneration, torment resistance 2
a: Renounce Religion


You were on level 1 of the Abyss.
You worshipped Makhleb.
Makhleb was noncommittal.
You visited 1 branch of the dungeon, and saw 5 of its levels.
You visited the Abyss 1 time.

You collected 229 gold pieces.

Inventory:

Missiles
 c - 3 throwing nets
 g - 3 boomerangs (quivered)
 o - 2 poisoned darts
Armour
 a - a +0 leather armour
 b - a +0 helmet (worn)
 d - a +0 ring mail
 m - a +0 chain mail
 q - a +2 pair of gloves
 u - a +0 scale mail (worn)
 D - a +0 buckler
Jewellery
 e - a +6 ring of dexterity (left claw)
 k - a +6 ring of intelligence (right claw)
Wands
 l - a wand of polymorph (5)
Scrolls
 h - a scroll of torment {unknown}
 i - a scroll of magic mapping {unknown}
 j - a scroll of enchant armour {unknown}
 p - a scroll of blinking {unknown}
 w - 2 scrolls of teleportation {unknown}
 y - a scroll of fear {unknown}
 A - a scroll of vulnerability {unknown}
 B - 2 scrolls of enchant weapon {unknown}
 C - a scroll of noise {unknown}
 E - a scroll of fog {unknown}
Potions
 f - a potion of haste {unknown}
 n - 3 potions of might {unknown}
 r - a potion of degeneration {unknown}
 s - a potion of curing {unknown}
 t - a potion of magic {unknown}
 v - a potion of cancellation {unknown}
 z - a potion of mutation {unknown}


   Skills:
 - Level 2.1 Fighting
 - Level 1.7 Throwing
 + Level 4.1 Armour
 - Level 2.6 Dodging
 - Level 11.0 Unarmed Combat


You had 7 spell levels left.
You didn't know any spells.
Your spell library contained the following spells:

 Spells                   Type           Power      Damage    Failure   Level
 Animate Skeleton         Necr           0%         N/A       77%         1
 Pain                     Necr           0%         1d4       77%         1
 Summon Guardian Golem    Hex/Summ       0%         N/A       98%         3
 Vampiric Draining        Necr           0%         2d6       98%         3
 Animate Armour           Summ/Erth      0%         N/A       100%        4
 Leda's Liquefaction      Hex/Erth       0%         N/A       100%        4
 Iron Shot                Conj/Erth      0%         9d1       100%        6
 Orb of Destruction       Conj           0%         9d5       100%        7
 Spellforged Servitor     Conj/Summ      0%         N/A       100%        7
 Statue Form              Tmut/Erth      Unusable   N/A       N/A         6

Dungeon Overview and Level Annotations

Branches:
Dungeon (5/15)
 Temple: D:4-7

Altars:
Fedhas
Makhleb
Okawaru

Annotations:
D:5 Edmund


Innate Abilities, Weirdness & Mutations

You thrive by killing the living.
You are immune to poison.
You have sharp fingernails.
Your flesh is cold resistant. (rC+)
You are immune to negative energy. (rN+++)
You do not regenerate when monsters are visible.
You are immune to unholy pain and torment.


Message History

A fire bat comes into view.
The flying skull hits you.
The fire bat bites you but does no damage.
You feel much better. The fire bat closely misses you.
The flying skull hits you. The flying skull closely misses you.
Unknown command.
The fire bat bites you.
You are engulfed in flames.
The orange demon misses you. The flying skull misses you.
A neqoxec comes into view.
The neqoxec shouts!
The fire bat closely misses you. The fire bat barely misses you.
A sixfirhy comes into view.
The fire bat completely misses you.
The flying skull hits you but does no damage.
The fire bat bites you but does no damage.
The sixfirhy closely misses you. The fire bat bites you.
You are engulfed in flames!
The fire bat bites you but does no damage.
The fire bat closely misses you. The fire bat bites you.
* * * LOW HITPOINT WARNING * * *
You are engulfed in flames!
* * * LOW HITPOINT WARNING * * *
The fire bat barely misses you.
A worldbinder comes into view.
The neqoxec gestures at you.
You feel dopey. Something feeds on your intellect!
The sixfirhy closely misses you.
A tentacled starspawn comes into view.
The worldbinder calls forth creatures from the Crypt!
The fire bat bites you but does no damage.
The sixfirhy hits you but does no damage.
The sixfirhy closely misses you.
The sixfirhy hits you but does no damage.
The worldbinder barely misses you. The worldbinder hits you.
* * * LOW HITPOINT WARNING * * *
The sixfirhy hits you.
* * * LOW HITPOINT WARNING * * *
The sixfirhy shocks you!
You die...

#.###.....##.
#...#.#.......
. #.#3.#...#.#
.# #..4.##...#
.# ##...# 3..#
#.#.## .#.#
##.z###....#
##3b......
#@xX.#...
#...#....#
#....#..#....
#.....#
.W..#.# .####.
#... . .. ##..
.. ..# .## ##


You could see a tentacled starspawn, an orange demon, a freezing wraith
(summoned), a worldbinder, a sixfirhy, a neqoxec, a fire bat and a flying skull.

Vanquished Creatures
  Eustachio (D:5)
  A water moccasin (D:5)
  5 necrophages
  An ogre (D:4)
  A centaur (D:5)
  2 howler monkeys
  3 wights
  A centaur skeleton (D:5)
  An orc priest (D:3)
  A hound (D:4)
  A bullfrog skeleton (D:4)
  An iguana (D:4)
  2 scorpion zombies (D:4)
  Natasha (thrice) (D:2)
  2 hound skeletons
  A howler monkey zombie (D:4)
  6 adders
  An ufetubus (D:5)
  An adder zombie (D:4)
  An adder skeleton (D:4)
  2 worms
  2 dart slugs
  9 orcs
  2 bats
  3 endoplasms
  3 giant cockroaches
  10 goblins
  6 hobgoblins
  4 jackals (D:1)
  2 quokkas (D:2)
  10 ball pythons
  5 frilled lizards
  7 kobolds
  7 rats
108 creatures vanquished.

Vanquished Creatures (others)
  2 bushes (D:4)
  13 plants (D:4)
  4 toadstools (D:1)
19 creatures vanquished.

Grand Total: 127 creatures vanquished

Notes
Turn   | Place    | Note
-------+----------+-------------------------------------------
     0 | D:1      | PentaManta the Ghoul Gladiator began the quest for the Orb.
     0 | D:1      | Reached XP level 1. HP: 17/17 MP: 0/0
   204 | D:1      | Reached XP level 2. HP: 24/24 MP: 1/1
   250 | D:1      | Reached skill level 4 in Unarmed Combat
   432 | D:1      | Found a faded altar of an unknown god.
   534 | D:1      | Reached XP level 3. HP: 21/29 MP: 2/2
   965 | D:2      | Found an iron altar of Okawaru.
  1042 | D:2      | Reached skill level 5 in Unarmed Combat
  1099 | D:2      | Reached XP level 4. HP: 35/36 MP: 3/3
  1383 | D:2      | Noticed Natasha
  1394 | D:2      | Killed Natasha
  1662 | D:2      | Noticed Natasha
  1668 | D:2      | Killed Natasha
  1669 | D:2      | Reached skill level 6 in Unarmed Combat
  1669 | D:2      | Reached XP level 5. HP: 39/41 MP: 4/4
  1690 | D:2      | Noticed Natasha
  1697 | D:2      | Killed Natasha
  2189 | D:3      | Got the Disquisition on the Mountains
  2840 | D:3      | Reached skill level 7 in Unarmed Combat
  2840 | D:3      | Reached XP level 6. HP: 41/48 MP: 5/5
  2979 | D:4      | Reached skill level 8 in Unarmed Combat
  2991 | D:4      | Reached XP level 7. HP: 41/55 MP: 6/6
  3260 | D:4      | Found a blossoming altar of Fedhas.
  3324 | D:4      | Reached skill level 9 in Unarmed Combat
  3737 | D:4      | Reached skill level 10 in Unarmed Combat
  3819 | D:4      | Reached XP level 8. HP: 41/61 MP: 7/7
  4037 | D:5      | Entered Level 5 of the Dungeon
  4103 | D:5      | Reached skill level 11 in Unarmed Combat
  4111 | D:5      | Reached skill level 1 in Armour
  4137 | D:5      | Found a burning altar of Makhleb.
  4137 | D:5      | Noticed a cacodemon
  4140 | D:5      | Noticed a smoke demon
  4140 | D:5      | Noticed a smoke demon
  4142 | D:5      | Became a worshipper of Makhleb the Destroyer
  4199 | D:5      | Noticed Eustachio
  4215 | D:5      | Killed Eustachio
  4483 | D:5      | Noticed Edmund
  4488 | D:5      | Cast into level 1 of the Abyss (Edmund)
  4488 | Abyss:1  | Found a corrupted altar of Lugonu.
  4528 | Abyss:1  | Noticed an orange demon
  4538 | Abyss:1  | Noticed a flying skull
  4583 | Abyss:1  | Noticed a sixfirhy
  4587 | Abyss:1  | Noticed a worldbinder
  4588 | Abyss:1  | Noticed a tentacled starspawn
  4589 | Abyss:1  | Noticed a freezing wraith
  4591 | Abyss:1  | Mangled by a sixfirhy

Illustrated notes

Levels and vault maps discovered:
D:1:      ldierk_walled_garden_2, layout_basic,
          hellmonk_ecumenical_altar_arch_garden
D:2:      layout_basic, basic_altar, uniq_natasha
D:3:      layout_loops_ring
D:4:      layout_basic, fedhas_altar_decomposition
D:5:      layout_loops_ring, makhleb_altar_promises_db,
          chequers_decorated_corner, uniq_edmund, uniq_eustachio
Abyss:1:  base: Temple, hangedman_summoners_spam

Skill      XL: |  1  2  3  4  5  6  7  8 |
---------------+-------------------------+-----
Unarmed Combat | 4 5 6 7 8 10 11 | 11.0
Armour         | 4 |  4.1
Fighting       | |  2.1
Throwing       | |  1.7
Dodging        | |  2.6

Action                   |  1- 3 |  4- 6 |  7- 9 || total
-------------------------+-------+-------+-------++-------
Melee: Unarmed           |    94 |   109 |   129 ||   332
       Punch             |     3 |     3 |     5 ||    11
Throw: Boomerang         |     1 |    31 |     1 ||    33
  Use: Potion            |       |       |     1 ||     1
Armor: Leather armour    |     3 |       |       ||     3
       Ring mail         |    26 |    29 |       ||    55
       Scale mail        |       |     6 |    52 ||    58
Dodge: Dodged            |    70 |    56 |    70 ||   196
